 Dungeon Crawl Stone Soup version 0.29.0-11-gd7f09526c8 (webtiles) character file.

Game seed: 4050077832387732127

85 SensoryNuts the Trooper (level 4, -3/35 HPs)
             Began as a Demonspawn Fighter on Sept 4, 2022.
             Killed from afar by Sigmund (4 damage)
             ... with a puff of flame
             ... on level 3 of the Dungeon.
             The game lasted 00:01:49 (2426 turns).

SensoryNuts the Trooper (Demonspawn Fighter)        Turns: 2426, Time: 00:01:49

Health: -3/35      AC:  9    Str: 17    XL:     4   Next: 25%
Magic:  4/4        EV:  9    Int:  9    God:
Gold:   81         SH: 10    Dex: 14    Spells: 3/3 levels left

rFire   . . .      SeeInvis .   a - +0 long sword
rCold   . . .      Faith    .   c - +0 buckler
rNeg    . . .      Spirit   .   b - +0 scale mail
rPois   .          Reflect  +   (no helmet)
rElec   .          Harm     .   (no cloak)
rCorr   .          Rampage  .   (no gloves)
Will    .....                   o - +0 pair of boots
Stlth   ..........              j - amulet of reflection
HPRegen 0.11/turn               (no ring)
MPRegen 0.09/turn               (no ring)

@: no status effects
A: icy blue scales 1, condensation shield
a: no special abilities


You were on level 3 of the Dungeon.
You visited 1 branch of the dungeon, and saw 3 of its levels.

You collected 81 gold pieces.

Inventory:

Hand Weapons
 a - a +0 long sword (weapon)
Armour
 b - a +0 scale mail (worn)
 c - a +0 buckler (worn)
 o - a +0 pair of boots (worn)
Jewellery
 j - an amulet of reflection (around neck)
 l - an amulet of faith
 n - a +6 ring of strength
 r - a +4 ring of protection
Scrolls
 f - a scroll of identify
 m - 5 scrolls of teleportation
 p - a scroll of amnesia {unknown}
 q - a scroll of enchant armour {unknown}
Potions
 d - 2 potions of might
 e - 2 potions of flight
 g - a potion of curing {unknown}
 h - a potion of brilliance {unknown}
 i - a potion of cancellation {unknown}
 k - a potion of heal wounds {unknown}


   Skills:
 + Level 3.3 Fighting
 * Level 3.0 Long Blades
 + Level 3.1 Armour
 + Level 0.6 Dodging
 + Level 3.1 Shields


You had 3 spell levels left.
You didn't know any spells.
Your spell library contained the following spells:

 Spells                   Type           Power      Damage    Failure   Level
 Call Canine Familiar     Summ           0%         N/A       99%         3
 Portal Projectile        Hex/Tloc       0%         N/A       99%         3
 Leda's Liquefaction      Hex/Erth       0%         N/A       100%        4


Dungeon Overview and Level Annotations

Branches:
Dungeon (3/15)

Altars:

Annotations:
D:3 Sigmund


Innate Abilities, Weirdness & Mutations

You are partially covered in icy blue scales. (AC +2)
A meltable shield of frost defends you. (SH +0)


Message History

No target in view!
No target in view!
No target in view!
HP restored.
Things that are here:
a +0 short sword; an orc corpse
m - 5 scrolls of teleportation (gained 2)
Found a stone staircase leading down.
There is a stone staircase leading down here.
Found a stone staircase leading up.
Sigmund the Dreaded comes into view.
He is wielding a +0 scythe.
Sigmund shouts!
Sigmund casts a spell.
Sigmund flickers and vanishes!
Deactivating autopickup; reactivate with Ctrl-A.
There is a strange disturbance nearby!
There is a strange disturbance nearby!
No target in view!
You block something's attack.
You hit something.
You hear some strange, mumbled words.
You are confused.
You barely miss something. Something hits you.
You bump into the rock wall.
Something hits you but does no damage.
You bump into the rock wall.
Something hits you.
You're too confused to move!
You feel less confused. Something hits you!
You closely miss something. Something hits you!
* * * LOW HITPOINT WARNING * * *
You barely miss something. Something hits you but does no damage.
You closely miss something. Something hits you!
* * * LOW HITPOINT WARNING * * *
You barely miss something. You closely miss something.
You hear some strange, mumbled words.
A puff of flame appears from out of thin air!
The puff of flame hits you.
Your condensation shield dissipates!
You die...

# #.# . #..
.# #.# ..
#.#.## ..
#.#.<. ##
#.#..#
#{#..#
#@#..#
#.#..# #
#.#..####.#
#.........##
###.........
##.#######
#.# #.# #.#


There were no monsters in sight!

Vanquished Creatures
  A gnoll (D:1)
  3 adders (D:2)
  A worm (D:2)
  2 dart slugs
  3 orcs (D:3)
  3 ball pythons (D:1)
  2 endoplasms (D:1)
  A giant cockroach (D:2)
  3 goblins (D:1)
  7 hobgoblins
  4 bats
  4 frilled lizards
  5 kobolds
  3 rats
42 creatures vanquished.

Notes
Turn   | Place    | Note
-------+----------+-------------------------------------------
     0 | D:1      | SensoryNuts the Demonspawn Fighter began the quest for the
                  | Orb.
     0 | D:1      | Reached XP level 1. HP: 18/18 MP: 1/1
   157 | D:1      | Gained mutation: You are partially covered in icy blue
                  | scales. (AC +2) [demonic ancestry]
   157 | D:1      | Reached XP level 2. HP: 24/24 MP: 2/2
   604 | D:1      | Reached XP level 3. HP: 22/29 MP: 3/3
  1334 | D:2      | Found a faded altar of an unknown god.
  1771 | D:2      | Gained mutation: A meltable shield of frost defends you.
                  | (SH +0) [demonic ancestry]
  1771 | D:2      | Reached XP level 4. HP: 32/35 MP: 4/4
  2410 | D:3      | Noticed Sigmund
  2424 | D:3      | HP: 1/35 [something (8)]
  2426 | D:3      | Killed from afar by Sigmund

Illustrated notes

Levels and vault maps discovered:
D:1:      nicolae_arrival_washed_ashore, layout_basic, minmay_tetromino_i4
D:2:      layout_basic, hellmonk_ecumenical_altar_crossroads
D:3:      minmay_goblin_kobold_castle, layout_loops_ring, uniq_terence,
          uniq_jessica, uniq_sigmund

Skill      XL: |  1  2  3  4 |
---------------+-------------+-----
Long Blades    | 2 3 |  3.0
Shields        | 3 |  3.1
Armour         | 3 |  3.1
Fighting       | |  3.3
Dodging        | |  0.6

Action                   |  1- 3 |  4- 6 || total
-------------------------+-------+-------++-------
Melee: Long sword        |    94 |    33 ||   127
  Use: Scroll            |       |     4 ||     4
Armor: Scale mail        |    37 |    11 ||    48
Dodge: Dodged            |    38 |     5 ||    43
Block: Buckler           |    40 |    17 ||    57
       Reflection        |       |     1 ||     1
